 Dungeon Crawl Stone Soup version 0.31-a0-246-g8cbcc1cb85 (webtiles) character file.

Game seed: 12619491428810914924

72 qw the Shooter (level 4, 0/26 HPs)
             Began as a Gargoyle Hexslinger on July 12, 2023.
             Slain by a jackal (3 damage)
             ... on level 3 of the Dungeon.
             The game lasted 00:00:39 (1403 turns).

qw the Shooter (Gargoyle Hexslinger)                Turns: 1403, Time: 00:00:39

Health: 0/26       AC:  9    Str: 11    XL:     4   Next: 25%
Magic:  5/5        EV: 10    Int: 14    God:
Gold:   111        SH:  0    Dex: 14    Spells: 4/5 levels left

rFire   . . .        Y - +2 sling
rCold   . . .        (no shield)
rNeg    + . .        e - +0 ring mail
rPois   inf          (no helmet)
rElec   +            (no cloak)
rCorr   .            h - +0 pair of gloves
SInv    .            (no boots)
Will    .....        (no amulet)
Stlth   +            (no ring)
HPRegen 0.24/turn    (no ring)
MPRegen 0.09/turn

%: no passive effects
@: no status effects
A: sickness immunity, AC +3, negative energy resistance 1, electricity
resistance, torment resistance 1, petrification resistance
a: no special abilities


You were on level 3 of the Dungeon.
You visited 1 branch of the dungeon, and saw 3 of its levels.

You collected 111 gold pieces.


Innate Abilities, Weirdness & Mutations

You are immune to sickness and miasma.
Your stone body is resilient. (AC +3)
You are immune to poison.
You resist negative energy. (rN+)
You are resistant to electric shocks. (rElec)
You are resistant to unholy torment.
You are immune to petrification.


   Skills:
 - Level 2.1 Fighting
 + Level 3.6 Ranged Weapons
 - Level 1.4 Armour
 - Level 1.5 Dodging
 - Level 1.0 Spellcasting
 - Level 2.6 Hexes


You had 4 spell levels left.
You knew the following spells:

 Your Spells              Type           Power      Damage    Failure   Level
a - Slow                  Hex            32%        N/A       21%         1

Your spell library contained the following spells:

 Spells                   Type           Power      Damage    Failure   Level
 Inner Flame              Hex/Fire       4%         N/A       71%         3
 Portal Projectile        Hex/Tloc       8%         N/A       71%         3
 Cause Fear               Hex            4%         N/A       90%         4

Inventory:

Hand Weapons
 Y - a +2 sling (weapon)
Armour
 e - a +0 ring mail (worn)
 h - a +0 pair of gloves (worn)
Scrolls
 a - 2 scrolls of identify
Potions
 d - a potion of berserk rage {unknown}
 f - a potion of curing
 g - a potion of brilliance {unknown}
 j - a potion of haste {unknown}

Dungeon Overview and Level Annotations

Branches:
Dungeon (3/15)

Altars:

Shops:
D:1 ==


Message History

You feel your willpower return.
a - 2 scrolls of identify (gained 1)
A hobgoblin comes into view.
It is wielding a +1 shortbow of freezing.
Found a club.
The hobgoblin shoots an arrow.
The arrow barely misses you.
You hear a bark!
Enter note:
Enter note: You shoot a sling bullet.
The sling bullet hits the hobgoblin.
The hobgoblin is lightly wounded.
You hear a bark! x3
The hobgoblin shoots an arrow.
The arrow hits you. The arrow freezes you.
You shoot a sling bullet.
The sling bullet barely misses the hobgoblin.
The hobgoblin shoots an arrow.
The arrow hits you! The arrow freezes you.
You shoot a sling bullet. The sling bullet hits the hobgoblin.
The hobgoblin is heavily wounded.
The hobgoblin shoots an arrow.
The arrow hits you. The arrow freezes you.
A jackal comes into view.
You hear a bark!
You shoot a sling bullet. The sling bullet hits the hobgoblin.
You kill the hobgoblin!
You shoot a sling bullet.
The sling bullet barely misses the jackal.
A jackal comes into view.
You shoot a sling bullet.
The sling bullet hits the jackal but does no damage.
The jackal barely misses you.
You shoot a sling bullet. The sling bullet hits the jackal.
The jackal is moderately wounded.
A jackal comes into view.
The jackal bites you but does no damage.
The jackal barely misses you.
You shoot a sling bullet.
The sling bullet closely misses the jackal.
The sling bullet barely misses the jackal.
The jackal barely misses you. The jackal closely misses you.
You shoot a sling bullet.
The sling bullet barely misses the jackal.
The jackal bites you.
You die...

#................
#.............#.
#...............
#.........###.# .
#.........###.#..
####.####........ #
####.....##....####
#...##hh......##....#...
.)....h@.......#....#...
######....#.#.......#...
.................>..
........#.#.######....
....#####+#.#.######....
.... ......#..........#
... ......#..###..##..
.) .... #......##.. ...
#.##...##..


You could see 3 jackals.

Vanquished Creatures
  A gnoll (D:1)
  An adder (D:2)
  3 worms (D:2)
  A dart slug (D:1)
  3 endoplasms (D:1)
  A giant cockroach (D:2)
  2 goblins
  5 hobgoblins
  8 jackals (D:2)
  3 kobolds (D:1)
  2 quokkas
  A ball python (D:2)
  5 bats
  2 frilled lizards
  2 rats (D:1)
40 creatures vanquished.

Notes
Turn   | Place    | Note
-------+----------+-------------------------------------------
     0 | D:1      | qw the Gargoyle Hexslinger began the quest for the Orb.
     0 | D:1      | Reached XP level 1. HP: 12/12 MP: 2/2
     0 | D:1      | 0 ||| qw: Version: 0.3-a-52-g30416fa
     0 | D:1      | 0 ||| qw: Game counter: 6350
     0 | D:1      | 0 ||| qw: Melee chars always use a shield: true
     0 | D:1      | 0 ||| qw: God list: Okawaru
     0 | D:1      | 0 ||| qw: Allow faded altars: false
     0 | D:1      | 0 ||| qw: Do Orc after clearing Dungeon:15 true
     0 | D:1      | 0 ||| qw: Do second Lair branch before Depths: true
     0 | D:1      | 0 ||| qw: Lair rune preference: random
     0 | D:1      | 0 ||| qw: Goals: Normal
     0 | D:1      | 0 ||| PLANNING D:1-11
    64 | D:1      | Reached XP level 2. HP: 16/16 MP: 3/3
   177 | D:1      | Reached skill level 3 in Ranged Weapons
   243 | D:1      | Reached XP level 3. HP: 9/21 MP: 4/4
   309 | D:1      | Found a faded altar of an unknown god.
   367 | D:1      | Found Myvuphol's Jewellery Emporium.
   418 | D:1      | Found Tadghahili's Jewellery Emporium.
   427 | D:1      | 427 ||| SHOPLISTING +4 ring of protection (504 gold, have
                  | 46).
   427 | D:1      | 427 ||| SHOPLISTING amulet of Vetum {rPois Regen+ Int+2}
                  | (635 gold, have 46).
   427 | D:1      | 427 ||| SHOPLISTING amulet of faith (560 gold, have 46).
   427 | D:1      | 427 ||| SHOPLISTING ring of ice (350 gold, have 46).
   427 | D:1      | 427 ||| SHOPLISTING ring of willpower (350 gold, have 46).
   666 | D:1      | 666 ||| SHOPLISTING amulet of regeneration (420 gold, have
                  | 57).
   666 | D:1      | 666 ||| SHOPLISTING ring of ice (350 gold, have 57).
   666 | D:1      | 666 ||| SHOPLISTING ring of protection from fire (350 gold,
                  | have 57).
   666 | D:1      | 666 ||| SHOPLISTING ring of see invisible (210 gold, have
                  | 57).
   666 | D:1      | 666 ||| SHOPLISTING ring of willpower (350 gold, have 57).
   666 | D:1      | 666 ||| UPGRADING to +0 leather armour.
   676 | D:1      | 676 ||| DROPPING +0 robe.
   677 | D:1      | 677 ||| UPGRADING to +0 ring mail.
   687 | D:1      | 687 ||| DROPPING +0 leather armour.
   688 | D:1      | 688 ||| UPGRADING to +0 pair of gloves.
   693 | D:1      | 693 ||| READING scroll labelled JUASCH ITEFOMOTIE.
   694 | D:1      | 694 ||| READING scroll labelled BEQANK SYBAOCU.
   795 | D:1      | 795 ||| READING scroll labelled QYALEA ROSTREY.
   796 | D:1      | 796 ||| DROPPING scroll of poison.
   854 | D:2      | HP: 3/21 [worm (3)]
   949 | D:2      | Reached skill level 1 in Armour
  1057 | D:2      | 1057 ||| Stepping ~*~*~tactically~*~*~ (outnumbered).
  1066 | D:2      | Reached XP level 4. HP: 22/26 MP: 5/5
  1326 | D:2      | 1326 ||| DROPPING ring of wizardry.
  1327 | D:2      | 1327 ||| READING scroll labelled SUAZEK OMAWISE.
  1328 | D:2      | 1328 ||| READING scroll labelled JUKYF ENATTIS.
  1333 | D:2      | 1333 ||| DRINKING 2 smoky brown potions.
  1396 | D:3      | HP: 6/26 [hobgoblin/arrow (5)]
  1397 | D:3      | HP: 2/26 [hobgoblin/arrow (5)]
  1403 | D:3      | Slain by a jackal

Levels and vault maps discovered:
D:1:      wander_arrival_estate, layout_loops_ring, serial_shops, shop,
          nicolae_shop_tiny_glass, basic_ecumenical_altar
D:2:      layout_rooms, hangedman_decor_push
D:3:      layout_basic, mainiacjoe_overflow_catwalk_spiral

Skill      XL: |  1  2  3 |
---------------+----------+-----
Ranged Weapons | 3 |  3.6
Fighting       | 2 |  2.1
Armour         | 1 |  1.4
Dodging        | |  1.5
Spellcasting   | |  1.0
Hexes          | |  2.6

Action                     |  1- 3 |  4- 6 || total
---------------------------+-------+-------++-------
   Fire: Sling             |   122 |    34 ||   156
    Use: Scroll            |     3 |     2 ||     5
         Potion            |       |     1 ||     1
 Armour: Robe              |    11 |       ||    11
         Ring mail         |    23 |     6 ||    29
  Dodge: Dodged            |    39 |    10 ||    49

Table legend:
 A = Non-vault XP
 B = Vault XP
 C = Vault XP percentage of total XP
 D = Non-vault monster count
 E = Vault monster count
 F = Vault count percentage of total count
                 A         B        C        D         E       F
            +---------+---------+-------+---------+---------+-------
      Total |     103 |       0 |   0.0 |      40 |       0 |   0.0
            +---------+---------+-------+---------+---------+-------
        D:1 |      48 |       0 |   0.0 |      20 |       0 |   0.0
        D:2 |      52 |       0 |   0.0 |      18 |       0 |   0.0
        D:3 |       3 |       0 |   0.0 |       2 |       0 |   0.0
            +---------+---------+-------+---------+---------+-------
